 Dungeon Crawl Stone Soup version 0.29-a0-923-g6e406bff71 (webtiles) character file.

Game seed: 15447498305554104353

604 omnesmortales the Firebug (level 7, -1/59 HPs)
             Began as a Hill Orc Cinder Acolyte on July 28, 2022.
             Was a High Priest of Ignis.
             Slain by a gnoll
             ... wielding a +0 spear
              (3 damage)
             ... on level 4 of the Dungeon.
             The game lasted 00:31:52 (6559 turns).

omnesmortales the Firebug (Hill Orc Cinder Acolyte) Turns: 6559, Time: 00:31:52

Health: -1/59      AC:  4    Str: 19    XL:     7   Next: 42%
Magic:  10/11      EV: 11    Int: 28    God:    Ignis [*****.]
Gold:   148        SH:  0    Dex:  6    Spells: 10/12 levels left

rFire   + + +      SeeInvis .   r - staff of fire
rCold   x . .      Faith    .   (no shield)
rNeg    + + +      Spirit   .   y - +2 robe {Will+}
rPois   .          Reflect  .   (no helmet)
rElec   .          Harm     .   (no cloak)
rCorr   .          Rampage  .   (no gloves)
Will    +....                   (no boots)
Stlth   +.........              f - amulet of magic regeneration
HPRegen 0.19/turn               g - +6 ring of intelligence
MPRegen 0.52/turn               o - ring of the Leaf {rF+ rC- rN+++ Str+2 Int+6}

@: about to teleport
A: no striking features
a: Renounce Religion, Fiery Armour, Foxfire Swarm, Rising Flame


You were on level 4 of the Dungeon.
You worshipped Ignis.
Ignis was extremely pleased with you.
You visited 1 branch of the dungeon, and saw 5 of its levels.

You collected 148 gold pieces.

Inventory:

Hand Weapons
 a - a -1 hand axe of flaming
 d - a +0 sling
 m - a +1 vampiric short sword
 x - a +0 scythe of protection
Missiles
 c - 41 stones (quivered)
 j - 12 poisoned darts
 v - 3 curare-tipped darts
Armour
 b - a +2 robe
 q - a +0 chain mail
 y - a +2 robe of willpower (worn)
Magical Staves
 r - a staff of fire (weapon)
Jewellery
 f - an amulet of magic regeneration (around neck)
 g - a +6 ring of intelligence (left hand)
 o - the ring of the Leaf (right hand) {rF+ rC- rN+++ Str+2 Int+6}
   (You found it on level 2 of the Dungeon)

   [ring of intelligence]

   Str:       It affects your strength (+2).
   Int:       It affects your intelligence (+6).
   rF:        It protects you from fire.
   rC:        It makes you vulnerable to cold.
   rN:        It renders you almost immune to negative energy.
Wands
 u - a wand of acid (10)
Scrolls
 e - a scroll of noise
 s - 2 scrolls of identify
Potions
 h - 2 potions of mutation
 i - a potion of invisibility {unknown}
 l - a potion of heal wounds {unknown}
 n - a potion of curing {unknown}
 p - a potion of berserk rage {unknown}
 t - 2 potions of flight {unknown}
 w - a potion of ambrosia {unknown}


   Skills:
 - Level 4.2 Fighting
 - Level 0.7 Short Blades
 - Level 4.6 Axes
 - Level 0.1 Dodging
 + Level 3.2 Spellcasting
 + Level 5.9 Fire Magic
 + Level 3.3 Evocations


You had 10 spell levels left.
You knew the following spells:

 Your Spells              Type           Power      Damage    Failure   Level
a - Scorch                Fire           100%       2d10      1%          2

Your spell library contained the following spells:

 Spells                   Type           Power      Damage    Failure   Level
 Inner Flame              Hex/Fire       31%        N/A       7%          3
 Ensorcelled Hibernation  Hex/Ice        8%         N/A       12%         2
 Spider Form              Tmut/Pois      4%         N/A       24%         3
 Anguish                  Hex/Necr       2%         N/A       63%         4
 Cause Fear               Hex            2%         N/A       63%         4
 Discord                  Hex            2%         N/A       100%        8


Dungeon Overview and Level Annotations

Branches:
Dungeon (5/15)
 Temple: D:4-7

Altars:
Cheibriados
Elyvilon
Okawaru
Qazlal
Trog
Xom


Message History

Casting: Scorch (safe; 1% risk of failure)
Confirm with . or Enter, or press ? or * to list all spells.
You feel a surge of power!
Flames lash the iguana.
The iguana is severely wounded.
The iguana's fire resistance burns away.
The iguana barely misses you.
A gnoll comes into view. It is wielding a +0 spear.
You barely miss the iguana.
The iguana is severely wounded.
The iguana bites you!
A gnoll comes into view. It is wielding a +0 flail.
The gnoll hits you from afar with a +0 spear.
The iguana bites you.
A gnoll comes into view.
It is wielding a +0 flail of protection.
The iguana bites you.
The gnoll hits you from afar with a +0 spear.
You climb upwards.
There is a stone staircase leading down here.
The iguana bites you!
You climb downwards.
The gnoll hits you with a +0 spear. The gnoll hits you but does no damage.
There is a stone staircase leading up, spattered with blood here.
The gnoll hits you with a +0 spear.
* * * LOW HITPOINT WARNING * * *
The iguana closely misses you.
You climb upwards.
There is a stone staircase leading down, spattered with blood here.
Casting: Scorch (safe; 1% risk of failure)
Confirm with . or Enter, or press ? or * to list all spells.
You feel a surge of power!
Flames lash the gnoll.
The gnoll is severely wounded.
The gnoll's fire resistance burns away.
The iguana is no longer more vulnerable to fire.
The gnoll hits you with a +0 spear.
* * * LOW HITPOINT WARNING * * *
The gnoll closely misses you. The iguana bites you!
* * * LOW HITPOINT WARNING * * *
As you read the scroll of teleportation, it crumbles to dust.
You feel strangely unstable. The gnoll hits you with a +0 spear.
You die...

#......#.....#......
#......#.....#......
#########......##########...
#..................###.####'
#..................'........
#....[.............#........
#.......)..........#........
#...........l......#........
#.........g@.......######...
#..........g............####
#...........................
######.....#+###.................
...........#...+.................
...........'...#.................
...........#...#.................
......######...#.................
......#...##...#........#+###....


You could see an iguana and 2 gnolls.

Vanquished Creatures
  Sigmund (D:2)
  Menkaure (D:4)
  A wight (D:5)
  A howler monkey (D:4)
  3 orc wizards (D:4)
  3 gnolls (D:4)
  5 adders
  An ufetubus (D:4)
  4 dart slugs
  3 orcs
  11 endoplasms
  3 giant cockroaches
  3 goblins
  7 hobgoblins
  7 jackals
  11 kobolds
  6 quokkas
  6 ball pythons
  6 bats
  3 frilled lizards
  9 rats
95 creatures vanquished.

Vanquished Creatures (collateral kills)
  A rat (D:3)
1 creature vanquished.

Vanquished Creatures (others)
  A plant (D:4)
1 creature vanquished.

Grand Total: 97 creatures vanquished

Notes
Turn   | Place    | Note
-------+----------+-------------------------------------------
     0 | D:1      | omnesmortales the Hill Orc Cinder Acolyte began the quest
                  | for the Orb.
     0 | D:1      | Reached XP level 1. HP: 19/19 MP: 2/2
    30 | D:1      | Noticed an electric eel
   321 | D:1      | Reached XP level 2. HP: 27/27 MP: 3/3
   325 | D:1      | Learned a level 2 spell: Scorch
   974 | D:1      | Reached XP level 3. HP: 33/33 MP: 1/4
  1840 | D:2      | Reached skill level 4 in Fire Magic
  2455 | D:2      | Reached XP level 4. HP: 40/40 MP: 3/6
  2675 | D:2      | Found a bloodstained altar of Trog.
  2685 | D:2      | Identified the ring of the Leaf {rF+ rC- rN+++ Str+2 Int+6}
  2834 | D:2      | Noticed Sigmund
  3916 | D:3      | Found a white marble altar of Elyvilon.
  4136 | D:3      | Found a faded altar of an unknown god.
  4407 | D:3      | Reached XP level 5. HP: 46/46 MP: 4/7
  4897 | D:4      | Noticed Menkaure
  4903 | D:4      | Killed Menkaure
  4904 | D:4      | Reached skill level 1 in Evocations
  4904 | D:4      | Reached XP level 6. HP: 52/52 MP: 3/9
  5329 | D:4      | Noticed an air elemental
  5331 | D:4      | Found a stormy altar of Qazlal.
  5333 | D:4      | Noticed a water elemental
  5333 | D:4      | Noticed a fire elemental
  5344 | D:4      | Reached skill level 5 in Fire Magic
  5459 | D:4      | Found a snail-covered altar of Cheibriados.
  5461 | D:4      | Found an iron altar of Okawaru.
  5465 | D:4      | Found a shimmering altar of Xom.
  6208 | D:2      | Killed Sigmund
  6209 | D:2      | Reached XP level 7. HP: 40/59 MP: 8/11
  6460 | D:5      | Entered Level 5 of the Dungeon
  6558 | D:4      | HP: 2/59 [iguana (11)]
  6559 | D:4      | Slain by a gnoll

Illustrated notes

Levels and vault maps discovered:
D:1:      arrival_aquarium_a, layout_loops_ring
D:2:      layout_rooms, basic_altar, grunt_decor_fettered, uniq_sigmund
D:3:      layout_loops_ring, elyvilon_altar_3,
          hellmonk_ecumenical_altar_prayer_group, minivault_19,
          grunt_decor_clamped
D:4:      layout_gridville, gammafunk_temple_overflow_forgotten,
          nicolae_qazlal_style_of_elements, uniq_menkaure
D:5:      layout_loops_ring

Skill      XL: |  1  2  3  4  5  6 |
---------------+-------------------+-----
Fire Magic     | 4 5 |  5.9
Fighting       | 4 |  4.2
Spellcasting   | 2 3 |  3.2
Evocations     | 1 3 |  3.3
Short Blades   | |  0.7
Axes           | |  4.6
Dodging        | |  0.1

Action                   |  1- 3 |  4- 6 |  7- 9 || total
-------------------------+-------+-------+-------++-------
Melee: Hand axe          |    49 |       |       ||    49
       Short sword       |       |    36 |       ||    36
       Staff             |       |    24 |     1 ||    25
Throw: Stone             |     2 |       |       ||     2
 Cast: Scorch            |    26 |    67 |     5 ||    98
  Use: Scroll            |     7 |     6 |     1 ||    14
Armor: Robe              |    14 |    18 |     1 ||    33
Dodge: Dodged            |    36 |    42 |     3 ||    81

Table legend: (Time is in decaauts)
 A = Elapsed time spent in this place.
 B = Non-inter-level travel time spent in this place.
 C = Inter-level travel time spent in this place.
 D = Time resting spent in this place.
 E = Time spent auto-exploring this place.
 F = Levels seen in this place.
 G = Mean time per level.
                   A        B        C        D        E       F      G
               +--------+--------+--------+--------+--------+-----+--------+
         Total |   6577 |   6360 |    217 |   2938 |   1134 |   5 | 1315.4 |
       Dungeon |   6577 |   6360 |    217 |   2938 |   1134 |   5 | 1315.4 |
               +--------+--------+--------+--------+--------+-----+--------+

Top non-repeatable levels by time:
     D:1: 2194 daAuts
     D:2: 1654 daAuts
     D:4: 1372 daAuts
     D:3: 1332 daAuts
     D:5: 23 daAuts
